AoeStats
← 381855661

Arabia

510485140Analyzed
1v1 RM · 13h ago on Oct 1, 2026· 50m 35s· 2 players
Game mode
Random Map
Map size
Tiny (2 player)
Population
200
Speed
Normal
Resources
Standard
Victory
Conquest
Starting age
Dark Age
Ending age
Imperial Age
RankedLock teamsTeams togetherTeam positionsShared explorationLock speedFull tech treeHidden civsTurbo modeCheats
Victory
Defeat
🇨🇳 Vietnamese · China
956
+18
🇸🇦 Turks · Saudi Arabia
989
-18
HA3ERINO
2:29 Loom
12:39 Feudal Age
19:27 Castle Age
18:19 Horse Collar
22:59 Ballistics
23:10 Stone Mining
23:39 Masonry
24:22 Fletching
24:49 Double-Bit Axe
28:13 Bodkin Arrow
32:15 Imperial Age
29:49 Padded Archer Armor
32:21 Bodkin Arrow
32:51 Leather Archer Armor
37:13 Murder Holes
39:14 Bloodlines
39:48 Capped Ram
41:00 Siege Ram
45:49 Elite Janissary
46:50 Scale Barding Armor
381855661
6:44 Loom
11:10 Feudal Age
11:36 Double-Bit Axe
11:32 Horse Collar
19:23 Castle Age
17:28 Gold Mining
19:01 Stone Mining
20:17 Bow Saw
21:08 Wheelbarrow
20:19 Town Watch
20:55 Heavy Plow
23:00 Fletching
23:10 Padded Archer Armor
23:57 Elite Skirmisher
25:20 Bodkin Arrow
27:30 Leather Archer Armor
28:40 Squires
29:14 Forging
30:58 Iron Casting
30:41 Thumb Ring
35:32 Imperial Age
34:14 Ballistics
35:18 Bloodlines
35:09 Husbandry
35:17 Treadmill Crane
36:10 Scale Barding Armor
36:40 Iron Casting
37:38 Chemistry
36:24 Light Cavalry
37:49 Chain Barding Armor
37:52 Bracer
38:23 Ring Archer Armor
38:39 Guilds
40:31 Plate Barding Armor
46:29 Elite Rattan Archer
48:39 Two-Man Saw
48:16 Stone Shaft Mining
49:25 Scale Mail Armor
Connection lost

Rejoining the realm…

Still unreachable

The connection could not be restored.

Session expired

The server has moved on; the page needs a fresh start.